 Dungeon Crawl Stone Soup version 0.21.1-1-g345015fe64 (webtiles) character file.

575026 Ursun the Hoplite (level 27, -17/182 HPs)
             Began as a Gargoyle Fighter on Apr 4, 2018.
             Was the Champion of Ru.
             Killed from afar by a white draconian (26 damage)
             ... with a chilling blast
             ... on level 1 of the Realm of Zot on Apr 5, 2018.
             The game lasted 06:24:56 (62847 turns).

Ursun the Hoplite (Gargoyle Fighter)               Turns: 62847, Time: 06:24:57

Health: -17/182    AC: 46    Str: 22    XL:     27
Magic:  0/20       EV: 11    Int: 14    God:    Ru [******]
Gold:   1563       SH: 20    Dex: 24    Spells: 26/26 levels left

rFire    + + +     SeeInvis .   t - +9 flail (protect)
rCold    . . .     Gourm    .   R - +1 shield {reflect}
rNeg     + + .     Faith    .   e - +1 gold dragon scales
rPois    ∞         Spirit   +   D - +2 helmet "Lackatis" {*Contam rElec Regen+ rCorr}
rElec    +         Reflect  +   m - +0 cloak
rCorr    +         Harm     .   a - +0 pair of gloves
MR       +++++                  P - +2 pair of boots
Stlth    ..........             E - amulet of Omatt {Spirit +Inv Dex+3}
HPRegen  0.80/turn              G - ring of the Mage {Wiz MR++ Int+3}
MPRegen  0.17/turn              S - ring of Vin Suud {Fire rN+ MR+ Dex+5 Stlth-}

@: exhausted, about to teleport, no potions, drained
A: big wings, deformed body, fire resistance 1, low mp 1, negative energy
resistance 1, electricity resistance, weak 1, unbreathing, petrification
resistance, rot immunity, inability to drink while threatened, no stealth,
inability to use devices, no ice magic, no necromancy magic, no summoning magic,
unskilled 1, AC +20
}: 3/15 runes: serpentine, barnacled, silver
a: Fly, Draw Out Power, Power Leap, Apocalypse, Renounce Religion


You were on level 1 of the Realm of Zot.
You worshipped Ru.
Ru was exalted by your worship.
You were not hungry.

You visited 10 branches of the dungeon, and saw 44 of its levels.
You visited the Abyss 1 time.

You collected 6378 gold pieces.
You spent 4815 gold pieces at shops.

Inventory:

Hand Weapons
 t - a +9 flail of protection (weapon)
Armour
 a - a +0 pair of gloves (worn)
 c - the +4 helmet "Zauwa" {*Slow rC+ rN++ Dex+8}
   (You bought it in a shop on level 4 of the Vaults)

   It affects your dexterity (+8).
   It protects you from cold.
   It greatly protects you from negative energy.
   It may slow you when you take damage.
 e - +1 gold dragon scales (worn)
 h - +0 shadow dragon scales
 m - a +0 cloak (worn)
 w - +1 ice dragon scales
 D - the +2 helmet "Lackatis" (worn) {*Contam rElec Regen+ rCorr}
   (You bought it in a shop on level 9 of the Dungeon)

   It insulates you from electricity.
   It causes magical contamination when unequipped.
   It increases your rate of regeneration.
   It protects you from acid and corrosion.
 N - +0 storm dragon scales
 P - a +2 pair of boots (worn)
 R - a +1 shield of reflection (worn)
 V - a +4 plate armour of poison resistance
 W - +3 fire dragon scales
Jewellery
 k - an uncursed ring of protection from fire {unknown}
 p - an uncursed ring of protection from cold
 q - an uncursed ring of protection from cold
 y - an uncursed ring of positive energy
 z - a cursed ring of loudness {unknown}
 E - the amulet of Omatt (around neck) {Spirit +Inv Dex+3}
   (You bought it in a shop on level 1 of the Depths)

   [amulet of guardian spirit]

   It causes incoming damage to be split between your health and magic.
   It affects your dexterity (+3).
   It lets you turn invisible.
 G - the ring of the Mage (left hand) {Wiz MR++ Int+3}
   (You bought it in a shop on level 2 of the Orcish Mines)

   [ring of wizardry]

   It improves your spell success rate.
   It affects your intelligence (+3).
   It affects your resistance to hostile enchantments.
 K - an uncursed ring of fire
 M - an uncursed amulet of rage {unknown}
 S - the ring of Vin Suud (right hand) {Fire rN+ MR+ Dex+5 Stlth-}
   (You found it on level 2 of the Depths)

   [ring of fire]

   It enhances your fire magic.
   It affects your dexterity (+5).
   It protects you from fire.
   It makes you vulnerable to cold.
   It protects you from negative energy.
   It affects your resistance to hostile enchantments.
   It makes you less stealthy.
 U - a +3 ring of strength
 Y - the ring "Bunuecha" {rPois rC+ Int+2}
   (You found it on level 3 of the Vaults)

   [ring of protection from cold]

   It affects your intelligence (+2).
   It protects you from cold.
   It protects you from poison.
Scrolls
 b - 4 scrolls of enchant weapon
 d - 4 scrolls of brand weapon
 j - 7 scrolls of magic mapping
 n - 8 scrolls of amnesia
 o - 30 scrolls of remove curse
 r - 2 scrolls of enchant armour
 s - 7 scrolls of teleportation
 u - 9 scrolls of identify
 B - a scroll of silence {unknown}
 C - a scroll of vulnerability {unknown}
 L - 5 scrolls of fear
Potions
 g - 3 potions of brilliance
 i - 4 potions of resistance
 l - 5 potions of magic
 v - 22 potions of curing
 x - 5 potions of mutation
 A - 3 potions of might
 F - 3 potions of invisibility
 H - 6 potions of heal wounds
 I - a potion of cancellation {unknown}
 J - 9 potions of agility
 O - 9 potions of haste
 Q - 10 potions of lignification
 T - 2 potions of berserk rage
Books
 Z - the Catalogue of Combat Magic
   (You found it on level 5 of the Vaults)

   Spells                             Type                      Level
   a - Shock                          Conjuration/Air              1
   b - Throw Frost                    Conjuration/Ice              2
Comestibles
 f - 47 rations
 X - a chunk of flesh


   Skills:
 + Level 21.1(19.9) Fighting
 + Level 21.2(20.0) Maces & Flails
 + Level 15.3(14.3) Armour
 + Level 11.0(10.0) Dodging
 + Level 25.6(24.3) Shields


You had 26 spell levels left.
You didn't know any spells.

Dungeon Overview and Level Annotations

Branches:
Dungeon (15/15)            Temple (1/1) D:5            Lair (6/6) D:10
 Shoals (4/4) Lair:3        Snake (4/4) Lair:4        Slime (0/5) Lair:5
    Orc (2/2) D:10            Elf (1/3) Orc:2        Vaults (5/5) D:13
  Crypt (0/3) Vaults:2     Depths (5/5) D:15            Zot (1/5) Depths:5

Altars:
Ashenzari
Cheibriados
Dithmenos
Elyvilon
Fedhas
Gozag
Hepliaklqana
Kikubaaqudgha
Makhleb
Nemelex Xobeh
Okawaru
Qazlal
Ru
Sif Muna
Trog
Uskayaw
Vehumet
Wu Jian
Xom
Yredelemnul
Zin
Beogh
Lugonu

Shops:
D:4 !((?}   D:9 [   D:13 :   Orc:1 =   Orc:2 }*=}   Snake:1 *   Vaults:2 (
Vaults:4 *   Depths:1 }==   Depths:4 *   Depths:5 %(

Portals:
Hell: Depths:1 Depths:2 Depths:3 Depths:4 Depths:5
Abyss: Depths:1 Depths:4
Pandemonium: Depths:3
Ziggurat: Depths:4
Trove: Depths:4 (give double sword "Impbane")

Annotations:
D:2 exclusion: downstairs
D:3 exclusions: upstairs and 1 more exclusion, KleinerIrrer's ghost, amateur GrFi
D:6 3 exclusions, asdpro's ghost, novice OgBe
Depths:4 1 transporter, Saint Roka


Innate Abilities, Weirdness & Mutations

You are resistant to torment.
Your stone body is resilient. (AC +20)
You are immune to poison.
Your large and strong wings let you fly indefinitely.
You resist negative energy. (rN+)
You are resistant to electric shocks. (rElec)
You can survive without breathing.
You are immune to petrification.
You are immune to rotting.
You cannot drink potions while threatened.
You cannot be stealthy.
You cannot study or use magical devices.
You cannot study or cast Ice magic.
You cannot study or cast Necromancy magic.
You cannot study or cast Summoning magic.
You are somewhat unskilled. (-1 Apt)
Armour fits poorly on your strangely shaped body.
Your flesh is heat resistant. (rF+)
Your magical capacity is low. (-10% MP)
You are weak. (Str -2)


Message History

As you read the scroll of teleportation, it crumbles to dust.
You feel strangely unstable.
You feel the Orb delaying your translocation!
You hear some strange, mumbled words.
A bolt of cold appears from out of thin air!
The bolt of cold hits you! You block something's attack. x2
You redirect the golden dragon's attack!
You found a Zot trap!
You redirect the golden dragon's attack!
Something hits you but does no damage.
Something tail-slaps you but does no damage.
You hear some strange, mumbled words.
A bolt of cold appears from out of thin air!
The bolt of cold hits you!
* * * LOW HITPOINT WARNING * * *
The white draconian begins to attack, but is stunned by your will!
The golden dragon begins to attack, but is stunned by your will!
The white draconian breathes frost at you.
The chilling blast hits you!
You die...

##.........
##..........
#..........#
##.........#
#...∩......#
##.........##
#.........##
#.........##..
##..@##%....#..
#...###..).....
#.^.##.........
##...##.........
#..D###.........
#d..##.>.......#
#...##........##
#...##.......##
#...##..[...##


You could see a golden dragon and a white draconian.

Vanquished Creatures
  An ancient lich (Vaults:5)
  2 juggernauts (Depths:3)
  2 greater mummies (Depths:2)
  Sojobo (Vaults:4)
  Bai Suzhen (Vaults:5)
  7 caustic shrikes
  9 golden dragons
  2 bone dragons (Abyss:2)
  8 liches
  6 tentacled monstrosities
  9 titans
  2 quicksilver dragons
  An ancient champion (Vaults:2)
  Gastronok (D:10)
  An Executioner (Abyss:2)
  5 shadow dragons
  4 sphinxes
  9 tengu reavers
  Kirke (D:14)
  6 storm dragons
  Ilsuiw (Shoals:4)
  12 nagarajas
  15 frost giants
  10 fire giants
  3 iron dragons (Depths:3)
  Donald (Shoals:1)
  3 deep elf sorcerers
  2 orc warlords (Orc:1)
  The ghost of Ursun the Impaler, an adept VSFi of Wu Jian (Snake:1)
  A draconian scorcher (Depths:5)
  15 vault wardens
  A draconian annihilator (Depths:5)
  3 ghouls
  A draconian stormcaller (Depths:5)
  A spriggan defender (Depths:3)
  An angel (Abyss:2)
  3 war gargoyles
  31 stone giants
  22 very ugly things
  2 entropy weavers (Vaults:2)
  19 ironheart preservers
  4 vampire knights
  5 yellow draconians
  3 black draconians
  A green draconian (Depths:5)
  4 deep elf demonologists
  Nessos (D:14)
  5 spark wasps
  A deep elf annihilator (Vaults:3)
  15 ettins
  Snorg (Lair:4)
  6 deep elf death magi
  An eidolon (Vaults:2)
  7 merfolk javelineers
  9 merfolk impalers
  3 jiangshi (Depths:1)
  A fire dragon (shapeshifter) (Depths:3)
  9 fire dragons
  2 mummy priests (Depths:2)
  7 great orbs of eyes
  5 deep elf high priests
  Josephine (D:12)
  6 rakshasas
  9 yaktaur captains
  13 naga warriors
  8 spriggan air magi
  Fannar (D:12)
  31 vault guards
  A hell beast (Depths:2)
  20 ice dragons
  4 merfolk avatars
  8 hydras
  12 centaur warriors
  21 anacondas
  3 satyrs
  51 two-headed ogres
  4 merfolk aquamancers (Shoals:4)
  An alligator snapping turtle (Shoals:3)
  5 dancing weapons (Elf:1)
  5 death knights
  8 tengu warriors
  18 ogre magi
  11 deep troll shamans
  Urug (D:11)
  6 deep troll earth magi
  18 naga sharpshooters
  4 shock serpents
  2 orc high priests
  9 spriggan berserkers
  A thrashing horror (Abyss:2)
  2 vampire magi
  A soul eater (Depths:2)
  11 large abominations
  12 deep elf knights
  Sonja (D:12)
  A wretched star (Abyss:2)
  15 hell knights
  2 shadow wraiths (Vaults:4)
  2 salamander mystics (Snake:4)
  5 iron trolls
  5 flayed ghosts
  15 sea snakes
  A death drake (shapeshifter) (Vaults:4)
  3 skeletal warriors
  5 wizards
  4 unseen horrors
  An unseen horror (shapeshifter) (Depths:3)
  5 naga ritualists
  9 deep elf archers
  3 glowing orange brains
  33 deep trolls
  2 harpies (shapeshifter)
  3 harpies
  22 ironbrand convokers
  An orb spider (shapeshifter) (D:14)
  8 necromancers
  13 orc knights
  3 phantasmal warriors
  2 wolf spider zombies
  37 deep elf magi
  35 ugly things
  A human zombie (Vaults:4)
  2 wolf spiders
  A cyclops (shapeshifter) (Depths:3)
  11 fauns
  9 cyclopes
  3 worldbinders
  2 orc sorcerers (Orc:1)
  11 manticores
  12 mana vipers
  11 salamanders
  41 black mambas
  2 moths of wrath (Zot:1)
  5 elephants (Lair:3)
  A guardian serpent (shapeshifter) (Depths:4)
  20 vault sentinels
  A human skeleton (Vaults:4)
  11 guardian serpents
  A rust devil (Depths:2)
  Joseph (D:10)
  An orange demon (Abyss:2)
  9 centaur skeletons
  9 merfolk sirens
  20 naga magi
  4 water nymphs
  A gargoyle (D:13)
  12 spiny frogs
  A spiny frog (shapeshifter) (Vaults:2)
  A torpor snail (Lair:6)
  2 rime drakes (shapeshifter) (Vaults:2)
  A komodo dragon (shapeshifter) (Vaults:2)
  A yaktaur zombie (Vaults:4)
  A rime drake (Lair:3)
  An ice devil (Depths:2)
  2 efreet
  35 yaktaurs
  2 hellwings (Abyss:2)
  8 komodo dragons
  11 freezing wraiths
  2 tengu conjurers (Depths:3)
  An ancient zyme (Abyss:2)
  A queen bee (D:13)
  13 trolls
  2 red devils
  A jumping spider (Vaults:2)
  A polar bear (shapeshifter) (Vaults:1)
  3 meliai (D:13)
  A troll (shapeshifter) (Vaults:1)
  12 polar bears
  A queen bee (shapeshifter) (Elf:1)
  2 raiju (Lair:6)
  43 merfolk
  Prince Ribbit (D:5)
  7 wind drakes
  A blink frog (shapeshifter) (Vaults:4)
  25 slime creatures
  A slime creature (shapeshifter) (Vaults:5)
  13 hippogriffs
  10 hornets
  8 blink frogs
  2 wind drakes (shapeshifter)
  11 snapping turtles
  4 dream sheep
  Grinder (D:4)
  A hippogriff (shapeshifter) (Vaults:3)
  2 shadows
  4 water elementals
  A ynoxinul (Abyss:2)
  18 wyverns
  A yak (shapeshifter) (Vaults:2)
  3 spriggans (Depths:5)
  A redback (Vaults:2)
  A redback (shapeshifter) (Vaults:1)
  A human (D:13)
  9 wraiths
  2 hogs (D:14)
  42 yaks
  2 fire elementals (Elf:1)
  2 golden eyes (shapeshifter)
  5 basilisks
  8 small abominations
  4 hungry ghosts
  A hog (shapeshifter) (Vaults:5)
  2 neqoxecs (Abyss:2)
  Edmund (D:6)
  4 vampire mosquitoes
  9 wargs
  2 acid dragons
  50 nagas
  11 water moccasins
  15 hell hounds (Lair:6)
  15 porcupines
  A floating eye (Depths:3)
  56 ogres
  43 orc warriors
  A fire dragon simulacrum (Vaults:1)
  12 black bears
  3 eyes of draining (shapeshifter)
  6 ice beasts
  2 eyes of draining
  A necrophage (D:7)
  6 sky beasts
  7 phantoms
  A boggart (shapeshifter) (Vaults:1)
  34 wolves
  24 centaurs
  4 big kobolds
  12 boggarts
  2 crocodiles (shapeshifter)
  10 crocodiles
  25 bullfrogs
  An earth elemental (Elf:1)
  A gnoll sergeant (D:5)
  4 scorpions
  26 killer bees (D:13)
  10 wights
  5 howler monkeys
  5 electric eels
  7 crimson imps
  4 centaur zombies
  8 hounds
  15 jellies
  4 quasits
  2 wyvern simulacra
  A bullfrog skeleton (D:13)
  20 orc priests
  31 orc wizards
  5 iguanas
  22 worker ants
  Terence (D:3)
  A human simulacrum (D:9)
  3 hound zombies
  A hound skeleton (D:11)
  Robin (D:4)
  A worker ant zombie (D:5)
  17 gnolls
  14 adders
  5 shadow imps
  A white imp (Abyss:2)
  2 ufetubi
  3 oozes
  An adder skeleton (D:9)
  2 worms
  3 leopard geckos
  117 orcs
  A ball python (D:2)
  A giant cockroach (D:1)
  13 goblins
  11 hobgoblins
  12 jackals
  18 kobolds
  3 quokkas
  12 bats
  5 frilled lizards
  A jackal zombie (D:6)
  2 quokka skeletons
  9 rats
  A crawling corpse (Depths:3)
  A plant (Lair:6)
2196 creatures vanquished.

Vanquished Creatures (others)
  Mara (Snake:4)
  Vashnia (Snake:2)
  Asterion (Vaults:1)
  A kraken (Shoals:4)
  A death cob (Zot:1)
  A tentacled starspawn (Abyss:2)
  3 tengu reavers
  Aizul (Snake:1)
  Louise (Snake:2)
  2 vampire knights
  A stone giant (Depths:5)
  A large abomination (Vaults:5)
  A spark wasp (Depths:2)
  A merfolk javelineer (Shoals:3)
  An ettin (Depths:4)
  A deep elf death mage (Vaults:5)
  A fire dragon (Depths:1)
  A merfolk impaler (Shoals:4)
  An ogre mage (Depths:3)
  A deep elf high priest (Vaults:5)
  2 great orbs of eyes
  7 yaktaur captains
  5 vault guards (Vaults:5)
  A naga warrior (Snake:3)
  A rakshasa (Depths:3)
  A spriggan air mage (Depths:3)
  2 hydras (Lair:6)
  An anaconda (Snake:3)
  A centaur warrior (Depths:3)
  A two-headed ogre (Vaults:3)
  3 satyrs
  A tengu warrior (D:15)
  A deep troll shaman (Depths:5)
  2 deep troll earth magi
  A spriggan berserker (Depths:5)
  3 naga sharpshooters
  2 deep elf knights
  3 deep trolls
  2 sea snakes
  2 glowing orange brains
  3 ironbrand convokers
  A wizard (Vaults:3)
  A naga ritualist (Snake:4)
  5 deep elf archers
  2 harpies (Shoals:2)
  An orc knight (Vaults:4)
  3 ugly things
  A deep elf mage (Vaults:5)
  A mana viper (Snake:4)
  A guardian serpent (Snake:3)
  2 merfolk sirens
  A manticore (Shoals:1)
  4 black mambas
  A vault sentinel (Vaults:4)
  3 spiny frogs
  A naga mage (Snake:1)
  A kobold demonologist (D:13)
  10 yaktaurs
  A tengu conjurer (D:13)
  A freezing wraith (Vaults:4)
  A jumping spider (Vaults:2)
  A hornet (Vaults:2)
  A slime creature (Depths:3)
  A hippogriff (Lair:6)
  3 wraiths
  A wyvern (Lair:6)
  A vampire (D:12)
  A vampire mosquito (D:13)
  A golden eye (Abyss:2)
  A warg (Depths:4)
  5 nagas (Snake:4)
  A black bear (Lair:6)
  2 boggarts
  7 ogres
  6 centaurs
  A wolf (Lair:6)
  A bullfrog (D:13)
  A small abomination (Abyss:2)
  2 killer bees (D:13)
  A wight (D:9)
  A crimson imp (D:12)
  An orc wizard (Depths:4)
  A bullfrog skeleton (D:13)
  A human simulacrum (D:9)
  An ufetubus (D:12)
  13 orcs
  2 kobolds (D:13)
  3 crawling corpses (Vaults:5)
  28 fungi
  94 plants
  4 starspawn tentacles (Abyss:2)
  5 tentacles (Shoals:4)
302 creatures vanquished.

Grand Total: 2498 creatures vanquished

Notes
Turn   | Place    | Note
-------+----------+-------------------------------------------
     0 | D:1      | Ursun the Gargoyle Fighter began the quest for the Orb.
     0 | D:1      | Reached XP level 1. HP: 14/14 MP: 1/1
   102 | D:1      | Reached XP level 2. HP: 19/19 MP: 2/2
   433 | D:1      | Reached XP level 3. HP: 15/23 MP: 3/3
   702 | D:2      | Found an opulent altar of Gozag.
   839 | D:2      | Reached XP level 4. HP: 21/28 MP: 4/4
  1005 | D:2      | Reached skill level 4 in Shields
  1249 | D:2      | Found a basalt altar of Yredelemnul.
  1264 | D:2      | Found a shimmering altar of Xom.
  1541 | D:3      | Reached XP level 5. HP: 31/33 MP: 5/5
  1619 | D:3      | Noticed Terence
  1639 | D:3      | Killed Terence
  1649 | D:3      | Reached skill level 1 in Dodging
  1655 | D:3      | Noticed KleinerIrrer's ghost (amateur GrFi)
  2214 | D:3      | Reached XP level 6. HP: 27/38 MP: 6/6
  3044 | D:4      | Found Syof's Magic Scroll Shoppe.
  3150 | D:4      | Reached skill level 5 in Shields
  3170 | D:4      | Noticed Robin
  3302 | D:4      | Found Ewkebyfe's Weapon Emporium.
  3305 | D:4      | Noticed a phantom
  3321 | D:4      | Found Vesaozunt's Distillery.
  3353 | D:4      | Killed a phantom
  3353 | D:4      | Reached XP level 7. HP: 29/43 MP: 7/7
  3377 | D:4      | Bought a potion of lignification for 39 gold pieces
  3377 | D:4      | Bought a potion of heal wounds for 65 gold pieces
  3554 | D:4      | Killed Robin
  3595 | D:4      | Reached skill level 5 in Armour
  3619 | D:4      | Bought a scroll of teleportation for 30 gold pieces
  3619 | D:4      | Bought a scroll of teleportation for 30 gold pieces
  3694 | D:4      | Found Corug's Gadget Boutique.
  3735 | D:4      | Found Luor's Weapon Shop.
  3781 | D:4      | Found a hide-covered altar of Uskayaw.
  3781 | D:4      | Noticed Grinder
  3810 | D:4      | Paralysed by Grinder for 2 turns
  3830 | D:4      | Killed Grinder
  3830 | D:4      | Reached skill level 5 in Maces & Flails
  3935 | D:5      | Entered Level 5 of the Dungeon
  4325 | D:5      | Reached XP level 8. HP: 48/48 MP: 8/8
  4600 | D:5      | Noticed Prince Ribbit
  4712 | D:5      | Reached skill level 6 in Shields
  5601 | D:5      | Found a staircase to the Ecumenical Temple.
  5622 | Temple   | Entered the Ecumenical Temple
  5774 | Temple   | Became a worshipper of Ru the Awakened
  5996 | D:6      | Reached XP level 9. HP: 46/53 MP: 9/9
  6089 | D:6      | Noticed asdpro's ghost (novice OgBe)
  6115 | D:6      | Noticed Edmund
  6175 | D:6      | Reached skill level 5 in Fighting
  6406 | D:6      | Reached skill level 7 in Shields
  6658 | D:6      | Killed Edmund
  6901 | D:7      | Found a shadowy altar of Dithmenos.
  7187 | D:7      | Gained mutation: You cannot drink potions while threatened. [Ru sacrifice]
  7187 | D:7      | Reached * piety under Ru
  7420 | D:7      | Found a radiant altar of Vehumet.
  7686 | D:8      | Reached skill level 8 in Shields
  7777 | D:8      | Reached XP level 10. HP: 59/59 MP: 10/10
  8002 | D:8      | Noticed a two-headed ogre
  8629 | D:9      | Noticed a two-headed ogre
  8651 | D:9      | Killed a two-headed ogre
  8651 | D:9      | Reached skill level 10 in Maces & Flails
  8937 | D:10     | Entered Level 10 of the Dungeon
  8965 | D:10     | Gained mutation: You are somewhat unskilled. (-1 Apt) [Ru sacrifice]
  8965 | D:10     | Reduced skill Fighting to level 5
  8965 | D:10     | Reached ** piety under Ru
  8965 | D:10     | Reached *** piety under Ru
  9024 | D:10     | Noticed a two-headed ogre
  9025 | D:10     | Noticed Gastronok
  9092 | D:9      | Found Suariu Rice's Antique Armour Shop.
  9104 | D:9      | Bought a fine helmet for 228 gold pieces
  9110 | D:9      | Identified the +2 helmet "Lackatis" {*Contam rElec Regen+ rCorr} (You bought it in a shop on level 9 of the Dungeon)
  9231 | D:8      | Reached skill level 10 in Maces & Flails
  9286 | D:8      | Killed a two-headed ogre
  9286 | D:8      | Reached XP level 11. HP: 32/64 MP: 5/11
 10097 | D:10     | Noticed a two-headed ogre
 10160 | D:10     | Killed a two-headed ogre
 10316 | D:10     | Noticed an orc knight
 10346 | D:10     | Killed an orc knight
 10395 | D:10     | Found a roughly hewn altar of Beogh.
 10395 | D:10     | Found a staircase to the Orcish Mines.
 10718 | D:10     | Reached skill level 9 in Shields
 10763 | D:10     | Found a staircase to the Lair.
 11024 | D:10     | Reached skill level 1 in Stealth
 11184 | Lair:1   | Entered Level 1 of the Lair of Beasts
 11503 | Lair:1   | Gained mutation: You cannot study or use magical devices. [Ru sacrifice]
 11503 | Lair:1   | Reached **** piety under Ru
 11503 | Lair:1   | Reached ***** piety under Ru
 11570 | Lair:1   | Reached XP level 12. HP: 72/72 MP: 12/12
 12651 | Lair:3   | Reached skill level 10 in Shields
 12652 | Lair:3   | Found a staircase to the Shoals.
 13335 | Lair:3   | Gained mutation: You cannot be stealthy. [Ru sacrifice]
 13372 | Lair:4   | Noticed a four-headed hydra
 13439 | Lair:5   | Noticed a five-headed hydra
 13458 | Lair:5   | Killed a five-headed hydra
 13660 | Lair:5   | Killed a four-headed hydra
 13755 | Lair:5   | Found a staircase to the Slime Pits.
 14550 | Lair:4   | Reached skill level 11 in Shields
 14550 | Lair:4   | Reached XP level 13. HP: 79/79 MP: 13/13
 14907 | Lair:4   | Found a staircase to the Snake Pit.
 14942 | Lair:4   | Gained mutation: You cannot study or cast Ice magic. [Ru sacrifice]
 14942 | Lair:4   | Gained mutation: You cannot study or cast Necromancy magic. [Ru sacrifice]
 14942 | Lair:4   | Gained mutation: You cannot study or cast Summoning magic. [Ru sacrifice]
 14942 | Lair:4   | Reached ****** piety under Ru
 15000 | Lair:4   | Noticed Snorg
 15015 | Lair:4   | Killed Snorg
 15690 | Lair:6   | Entered Level 6 of the Lair of Beasts
 15723 | Lair:6   | Found a labyrinth entrance.
 15979 | Lair:6   | Reached skill level 12 in Shields
 16435 | Lair:6   | Gained mutation: Your large and strong wings let you fly indefinitely. [Gargoyle growth]
 16435 | Lair:6   | Reached XP level 14. HP: 87/87 MP: 8/14
 16980 | Lair:6   | Reached skill level 10 in Fighting
 17160 | Lair:6   | Reached skill level 13 in Shields
 17915 | D:10     | Killed Gastronok
 17915 | D:10     | Reached skill level 10 in Armour
 18002 | D:10     | Noticed Joseph
 18018 | D:10     | Killed Joseph
 18243 | Orc:1    | Entered Level 1 of the Orcish Mines
 18338 | Orc:1    | Noticed an orc warlord
 18400 | Orc:1    | Killed an orc warlord
 18427 | Orc:1    | Found a roughly hewn altar of Beogh.
 18679 | Orc:1    | Found a roughly hewn altar of Beogh.
 18827 | Orc:1    | Found Inifatud's Jewellery Boutique.
 19042 | Orc:2    | Entered Level 2 of the Orcish Mines
 19170 | D:9      | Bought glowing fire dragon scales for 1512 gold pieces
 19306 | Orc:2    | Noticed an orc warlord
 19339 | Orc:1    | Killed an orc warlord
 19372 | Orc:2    | Found a staircase to the Elven Halls.
 19694 | Orc:2    | Reached XP level 15. HP: 74/93 MP: 8/15
 19734 | Orc:2    | Reached skill level 14 in Shields
 20020 | Orc:2    | Found Kicw's Jewellery Boutique.
 20020 | Orc:2    | Found Ciluda's Gadget Emporium.
 20021 | Orc:2    | Found Yheomil's Gadget Shoppe.
 20021 | Orc:2    | Found Hablout's General Store.
 20612 | D:11     | Noticed Urug
 20627 | D:11     | Killed Urug
 20722 | D:11     | Got a polished flail
 21696 | D:12     | Noticed Sonja
 21726 | D:12     | Killed Sonja
 22094 | D:12     | Noticed Josephine
 22119 | D:12     | Killed Josephine
 22224 | D:12     | Noticed Fannar
 22281 | D:12     | Killed Fannar
 22837 | D:13     | Paralysed by a wizard for 4 turns
 22921 | D:13     | Found a gate to the Vaults.
 22983 | D:13     | Reached skill level 15 in Shields
 22999 | D:13     | Reached skill level 15 in Maces & Flails
 23096 | D:13     | Reached skill level 5 in Dodging
 23096 | D:13     | Reached XP level 16. HP: 100/101 MP: 10/16
 23350 | D:13     | Noticed a tengu reaver
 23369 | D:13     | Killed a tengu reaver
 23712 | D:13     | Found Eplah's Book Emporium.
 24091 | D:14     | Noticed Nessos
 24145 | D:14     | Killed Nessos
 25120 | D:14     | Noticed Kirke
 25121 | D:14     | Noticed a sphinx
 25143 | D:14     | Killed Kirke
 25587 | Orc:2    | Bought the ring of the Mage {Wiz MR++ Int+3} for 775 gold pieces
 25587 | Orc:2    | Found the ring of the Mage {Wiz MR++ Int+3}
 25787 | D:15     | Entered Level 15 of the Dungeon
 26223 | D:15     | Reached skill level 16 in Shields
 26464 | D:15     | Found a staircase to the Depths.
 27384 | Snake:1  | Entered Level 1 of the Snake Pit
 27457 | Snake:1  | Found Xouchusch's Assorted Antiques.
 27540 | Snake:1  | Reached XP level 17. HP: 105/108 MP: 13/17
 27759 | Snake:1  | Noticed Aizul
 27783 | Snake:1  | Killed Aizul
 28233 | Snake:1  | Noticed Ursun's ghost (adept VSFi)
 28263 | Snake:1  | Killed Ursun's ghost
 28524 | Snake:2  | Noticed Louise
 28524 | Snake:2  | Noticed Vashnia
 28790 | Snake:2  | Killed Vashnia
 29125 | Snake:2  | Killed Louise
 29175 | Snake:2  | Reached skill level 17 in Shields
 29273 | Snake:2  | Found a runed door.
 30244 | Snake:3  | Reached XP level 18. HP: 115/116 MP: 14/18
 30994 | Snake:4  | Entered Level 4 of the Snake Pit
 31230 | Snake:4  | Identified Unuanasa's Catalogue of Summoning and Dislocation
 31398 | Snake:4  | Reached skill level 18 in Shields
 31422 | Snake:4  | Noticed Mara
 31665 | Snake:4  | Noticed Ursun's illusion
 31905 | Snake:4  | Noticed Ursun's illusion
 32046 | Snake:4  | Killed Mara
 32444 | Snake:4  | Reached XP level 19. HP: 92/122 MP: 12/19
 32573 | Snake:4  | Got a serpentine rune of Zot
 32874 | Snake:4  | Identified the +5 flail "Nuighig" {flame, rElec rF+ Int-4} (You found it on level 11 of the Dungeon)
 33027 | Shoals:1 | Entered Level 1 of the Shoals
 33346 | Shoals:1 | Noticed Donald
 33363 | Shoals:1 | Killed Donald
 34383 | Shoals:2 | Reached skill level 19 in Shields
 34724 | Shoals:2 | Reached skill level 15 in Fighting
 35975 | Shoals:4 | Entered Level 4 of the Shoals
 36277 | Shoals:4 | Cast into level 2 of the Abyss (merfolk javelineer)
 36277 | Abyss:2  | Found a viscous altar of Jiyva.
 36278 | Abyss:2  | Found a corrupted altar of Lugonu.
 36463 | Abyss:2  | Found a corrupted altar of Lugonu.
 36524 | Abyss:2  | Noticed a bone dragon
 36556 | Abyss:2  | Killed a bone dragon
 36598 | Abyss:2  | Gained mutation: Your flesh is heat resistant. (rF+) [a neqoxec]
 36727 | Abyss:2  | Gained mutation: Armour fits poorly on your strangely shaped body. [a neqoxec]
 36878 | Abyss:2  | Noticed a bone dragon
 36918 | Abyss:2  | Killed a bone dragon
 37019 | Abyss:2  | Reached XP level 20. HP: 129/129 MP: 20/20
 37023 | Shoals:4 | Escaped the Abyss
 37230 | Shoals:4 | Got a barnacled rune of Zot
 37338 | Shoals:4 | Noticed Ilsuiw
 37765 | Shoals:4 | Killed Ilsuiw
 37990 | Shoals:4 | Reached skill level 20 in Shields
 38632 | Vaults:1 | Entered Level 1 of the Vaults
 40115 | Vaults:1 | Noticed Asterion
 40132 | Vaults:1 | Killed Asterion
 40815 | Vaults:2 | Found a staircase to the Crypt.
 40954 | Vaults:2 | Reached XP level 21. HP: 107/136 MP: 17/21
 42213 | Vaults:2 | Found Bimamug's Weapon Shoppe.
 43224 | Vaults:3 | Got a translucent jade ring
 43268 | Vaults:3 | Reached skill level 21 in Shields
 44399 | Vaults:3 | Reached XP level 22. HP: 85/144 MP: 14/22
 45494 | Vaults:4 | Identified the ring "Bunuecha" {rPois rC+ Int+2} (You found it on level 3 of the Vaults)
 45563 | Vaults:4 | Noticed Sojobo
 45634 | Vaults:4 | Killed Sojobo
 46291 | Vaults:4 | Found Erusoeg's Assorted Antiques.
 46296 | Vaults:4 | Bought a spiked helmet for 323 gold pieces
 46297 | Vaults:4 | Identified the +4 helmet "Zauwa" {*Slow rC+ rN++ Dex+8} (You bought it in a shop on level 4 of the Vaults)
 46612 | Vaults:4 | Reached skill level 22 in Shields
 47538 | Elf:1    | Entered Level 1 of the Elven Halls
 48185 | Elf:1    | Gained mutation: You are weak. (Str -2) [a cacodemon]
 48188 | Elf:1    | Gained mutation: Your magical capacity is low. (-10% MP) [a cacodemon]
 48212 | Elf:1    | Reached XP level 23. HP: 70/152 MP: 8/20
 48665 | Depths:1 | Entered Level 1 of the Depths
 49672 | Depths:1 | Found Hiptef's Gadget Emporium.
 49673 | Depths:1 | Found Uvauhydu's Jewellery Boutique.
 49673 | Depths:1 | Found Heykar's Jewellery Boutique.
 49681 | Depths:1 | Bought the amulet of Omatt {Spirit +Inv Dex+3} for 1156 gold pieces
 50040 | Depths:1 | Found a gateway to Hell.
 50468 | Depths:1 | Found a one-way gate to the infinite horrors of the Abyss.
 50862 | Depths:2 | Noticed a caustic shrike
 50867 | Depths:2 | Noticed a caustic shrike
 50868 | Depths:2 | Noticed a caustic shrike
 50869 | Depths:2 | Noticed a caustic shrike
 50884 | Depths:2 | Killed a caustic shrike
 50906 | Depths:2 | Killed a caustic shrike
 50938 | Depths:2 | Killed a caustic shrike
 50973 | Depths:2 | Killed a caustic shrike
 50973 | Depths:2 | Reached skill level 10 in Dodging
 51099 | Depths:2 | Got a fine turquoise ring
 51178 | Depths:2 | Noticed a greater mummy
 51256 | Depths:2 | Killed a greater mummy
 51457 | Depths:2 | Noticed a greater mummy
 51499 | Depths:2 | Killed a greater mummy
 51700 | Depths:2 | Found the +7 sceptre of Torment
 51831 | Depths:2 | Reached skill level 23 in Shields
 52250 | Depths:2 | Reached XP level 24. HP: 121/159 MP: 14/20
 52341 | Depths:2 | Identified Rithigg's Tome of Slavery
 52526 | Depths:2 | Identified the ring of Vin Suud {Fire rN+ MR+ Dex+5 Stlth-} (You found it on level 2 of the Depths)
 53819 | Depths:3 | Noticed a caustic shrike
 53853 | Depths:3 | Killed a caustic shrike
 54297 | Depths:3 | Found a snail-covered altar of Cheibriados.
 54507 | Depths:3 | Noticed a caustic shrike
 54519 | Depths:3 | Noticed a juggernaut
 54526 | Depths:3 | Killed a caustic shrike
 54546 | Depths:3 | Killed a juggernaut
 54691 | Depths:3 | Reached XP level 25. HP: 166/166 MP: 20/20
 54804 | Depths:3 | Got a pitted ruby amulet
 54965 | Depths:3 | Noticed a juggernaut
 55006 | Depths:3 | Killed a juggernaut
 55006 | Depths:3 | Reached skill level 24 in Shields
 55314 | Depths:3 | Got a heavily runed iron amulet
 55509 | Depths:3 | Found a hazy altar of Hepliaklqana.
 55612 | Depths:3 | Found a runed door.
 55723 | Depths:3 | Found a one-way gate leading to the halls of Pandemonium.
 56034 | Depths:3 | Identified The Tome of Greatest Risks and Utility
 56235 | Depths:4 | Noticed Saint Roka
 56244 | Depths:4 | Found a portal to a secret trove of treasure.
 56774 | Depths:4 | Found a gateway to a ziggurat.
 56885 | Depths:4 | Found Foemn's Fabulous Fripperies.
 56969 | Depths:4 | Found a transporter.
 56986 | Depths:4 | Found a corrupted altar of Lugonu.
 57337 | Depths:5 | Entered Level 5 of the Depths
 57337 | Depths:5 | Found Ziucyoqe's Antique Weapon Emporium.
 57548 | Depths:5 | Found a flickering gateway to a bazaar.
 57727 | Depths:5 | Found Aneoth's Food Shoppe.
 57817 | Depths:5 | Found a gate to the Realm of Zot.
 59287 | Vaults:5 | Entered Level 5 of the Vaults
 59288 | Vaults:5 | Reached XP level 26. HP: 174/174 MP: 20/20
 59669 | Vaults:5 | Reached skill level 25 in Shields
 59680 | Vaults:5 | Noticed Bai Suzhen
 59706 | Vaults:5 | Killed Bai Suzhen
 59964 | Vaults:5 | Noticed an ancient lich
 59992 | Vaults:5 | Killed an ancient lich
 59992 | Vaults:5 | Reached skill level 15 in Armour
 61289 | Vaults:5 | Identified the Catalogue of Combat Magic
 61292 | Vaults:5 | Got a silver rune of Zot
 61382 | Vaults:5 | Reached XP level 27. HP: 147/182 MP: 20/20
 61947 | D:5      | Killed Prince Ribbit
 61998 | D:4      | Bought a scroll of teleportation for 30 gold pieces
 61998 | D:4      | Bought a scroll of blinking for 75 gold pieces
 61998 | D:4      | Bought a scroll of teleportation for 30 gold pieces
 61998 | D:4      | Bought a scroll of enchant armour for 75 gold pieces
 62032 | D:4      | Bought a potion of mutation for 104 gold pieces
 62032 | D:4      | Bought a potion of lignification for 39 gold pieces
 62032 | D:4      | Bought a potion of agility for 52 gold pieces
 62032 | D:4      | Bought a potion of might for 52 gold pieces
 62032 | D:4      | Bought a potion of agility for 52 gold pieces
 62032 | D:4      | Bought a potion of invisibility for 104 gold pieces
 62199 | Orc:2    | Bought a potion of might for 44 gold pieces
 62547 | Zot:1    | Entered Level 1 of the Realm of Zot
 62846 | Zot:1    | HP: 9/182 [something/bolt of cold (14)]
 62847 | Zot:1    | Killed from afar by a white draconian

Skill      XL: |  1  2  3  4  5  6  7  8  9 10 11 12 13 14 15 16 17 18 19 20 21 22 23 24 25 26 |
---------------+-------------------------------------------------------------------------------+-----
Shields        | 4 5 6 8 9 11 12 13 15 16 17 18 19 20 21 22 23 24 25 | 25.6
Armour         | 4 5 6 7 7 8 9 10 11 12 13 14 15 | 15.3
Maces & Flails | 3 4 5 7 9 10 11 12 13 14 15 16 17 18 19 20 21 | 21.2
Dodging        | 1 2 3 4 5 6 7 8 9 10 11 | 11.0
Fighting       | 4 5 6 7 8 9 10 11 13 14 15 16 17 18 19 20 21 | 21.1
Stealth        | 1 0 |  0.0

Action                   |  1- 3 |  4- 6 |  7- 9 | 10-12 | 13-15 | 16-18 | 19-21 | 22-24 | 25-27 || total
-------------------------+-------+-------+-------+-------+-------+-------+-------+-------+-------++-------
Melee: Flail             |   148 |   313 |   635 |  1083 |  2177 |  2225 |  3345 |  3006 |  2275 || 15207
Throw: Throwing net      |       |     1 |       |       |       |       |       |       |       ||     1
Invok: Sacrifice Drink   |       |       |     1 |       |       |       |       |       |       ||     1
       Sacrifice Skill   |       |       |       |     1 |       |       |       |       |       ||     1
       Sacrifice Artific |       |       |       |     1 |       |       |       |       |       ||     1
       Sacrifice Stealth |       |       |       |     1 |       |       |       |       |       ||     1
       Power Leap        |       |       |       |       |    15 |    20 |     6 |     1 |       ||    42
       Draw Out Power    |       |       |       |       |     2 |     4 |     8 |    17 |    21 ||    52
       Sacrifice Arcana  |       |       |       |       |     1 |       |       |       |       ||     1
       Apocalypse        |       |       |       |       |       |     2 |     1 |     3 |     5 ||    11
 Abil: Fly               |       |       |       |       |       |       |     1 |       |       ||     1
       Stop Flying       |       |       |       |       |       |       |     1 |       |       ||     1
  Use: Scroll            |       |     4 |    10 |     9 |    16 |    15 |    13 |    10 |    10 ||    87
       Potion            |       |     1 |     7 |       |       |     2 |     2 |       |     3 ||    15
 Stab: Distracted        |       |       |       |     5 |    13 |    17 |    22 |    24 |    19 ||   100
       Invisible         |       |       |       |     4 |     9 |    17 |    19 |     3 |    22 ||    74
       Paralysed         |       |       |       |       |    14 |     6 |    11 |    17 |    10 ||    58
       Confused          |       |       |       |       |       |       |     1 |     1 |     1 ||     3
  Eat: Chunk             |       |     5 |    13 |    14 |    23 |    13 |    26 |    24 |    10 ||   128
       Ration            |       |     1 |     1 |     3 |     3 |     6 |     5 |     4 |     6 ||    29
Armor: Scale mail        |   113 |   203 |     2 |       |       |       |       |       |       ||   318
       Chain mail        |       |       |   298 |   128 |       |       |       |       |       ||   426
       Skin              |       |       |    43 |       |       |     4 |     4 |     3 |       ||    54
       Plate armour      |       |       |       |   438 |   614 |     5 |       |       |       ||  1057
       Fire dragon scale |       |       |       |       |   360 |   900 |   479 |   397 |       ||  2136
       Ice dragon scales |       |       |       |       |       |    39 |   638 |   643 |    83 ||  1403
       Gold dragon scale |       |       |       |       |       |       |       |       |   815 ||   815
Dodge: Dodged            |    65 |   147 |   116 |   222 |   486 |   721 |  1125 |   910 |   428 ||  4220
Block: Shield            |   122 |   236 |   307 |   565 |  1333 |  1491 |  2105 |  1837 |  1337 ||  9333
       Reflection        |       |       |       |       |       |   121 |   153 |    71 |    46 ||   391
